[Event "Azerbaijan-ch 1st League 2025"]
[Site "Baku"]
[Date "2025.01.13"]
[Round "8.2"]
[White "Atakishiyev, Elmar"]
[Black "Ahmad, Khagan"]
[Result "1/2-1/2"]
[Annotator "RC"]
[ECO "D38"]
[WhiteElo "2408"]
[BlackElo "2406"]
[PlyCount "120"]
[EventDate "2025.01.05"]
[EventType "swiss"]
[EventCountry "AZE"]
[SourceTitle "playchess.com"]
[Source "ChessBase"]
[SourceQuality "1"]
[TimeControl "40/5400+30:1800+30"]

1. d4 Nf6 2. Nf3 d5 3. c4 e6 4. Nc3 Bb4 5. Bg5 h6 6. Bxf6 Qxf6 7. e3 O-O 8. Rc1 dxc4 9. Bxc4 c5 10. O-O cxd4 11. Ne4 Qe7 12. Nxd4 Bd7 13. Be2 Nc6 14. a3 Ba5 15. Nb3 Rfd8 16. Qd6 Qh4 17. Nec5 Be8 18. Qg3 Qe7 19. Nxa5 Nxa5 20. b4 Rac8 21. Nxe6 fxe6 22. Rxc8 Rxc8 23. bxa5 Qxa3 24. Qe5 Bf7 25. h4 Qb4 26. g3 Qc5 27. Qa1 Be8 28. Bg4 Qc4 29. Qd4 Qxd4 30. Bxe6+ Bf7 31. Bxf7+ Kxf7 32. exd4 Rc4 33. Rb1 b6 34. axb6 axb6 35. d5 Rc5 36. Rxb6 Rxd5 37. Kg2 h5 38. Rb4 g6 39. Kf3 Ra5 40. Ke4 Kg7 41. Rd4 Ra2 42. f3 Rg2 43. Rd7+ Kh6 44. Kf4 Ra2 45. Re7 Ra4+ 46. Re4 Ra3 47. Rd4 Rb3 48. Ke4 Ra3 49. Rd7 Ra4+ 50. Ke5 Ra5+ 51. Ke4 Ra4+ 52. Ke5 Ra5+ 53. Ke6 Rf5 54. g4 hxg4 55. fxg4 Rf4 56. g5+ Kh5 57. Rh7+ Kg4 58. Rf7 Ra4 59. Kf6 Ra6+ 60. Kg7 Kh5 1/2-1/2

[Event "Azerbaijan-ch 1st League 2025"]
[Site "Baku"]
[Date "2025.01.13"]
[Round "8.3"]
[White "Suleymanli, Suleyman"]
[Black "Orujov, Farid"]
[Result "1/2-1/2"]
[Annotator "ChessBase"]
[ECO "D00"]
[WhiteElo "2280"]
[BlackElo "2301"]
[PlyCount "171"]
[EventDate "2025.01.05"]
[EventType "swiss"]
[EventCountry "AZE"]
[SourceTitle "playchess.com"]
[Source "ChessBase"]
[SourceQuality "1"]
[TimeControl "40/5400+30:1800+30"]

1. d4 Nf6 2. Nc3 d5 3. Bf4 a6 4. a3 c5 5. dxc5 Nc6 6. e3 e5 7. Bg5 Be6 8. b4 Be7 9. Nf3 O-O 10. Be2 h6 11. Bxf6 Bxf6 12. e4 dxe4 13. Nxe4 Be7 14. Nd6 b6 15. O-O bxc5 16. bxc5 Qa5 17. Nb7 Qc7 18. Rb1 Rfb8 19. Nd6 Na5 20. Rxb8+ Rxb8 21. Bxa6 Qxc5 22. Ne4 Qc6 23. Bd3 f5 24. Ng3 e4 25. Nd4 Qd5 26. Be2 Rd8 27. c3 f4 28. Nxe4 Qxe4 29. Bf3 Qg6 30. Re1 Bb3 31. Qe2 Bf7 32. Qb5 Bxa3 33. Qxa5 Re8 34. Rxe8+ Bxe8 35. h3 Be7 36. Nf5 Bf8 37. Be4 Qf6 38. Qa8 Bf7 39. Nd4 Qe5 40. Qb7 g6 41. Qc6 Kg7 42. Kf1 Qc5 43. Ke2 Qxc6 44. Bxc6 Kf6 45. Kd3 g5 46. Be4 Bc5 47. f3 h5 48. c4 Bg8 49. Nb3 Be3 50. Kc3 Ke5 51. Bg6 h4 52. Na5 Be6 53. Nc6+ Kd6 54. Nd4 Bd7 55. Nc2 Bc5 56. Nd4 Ke5 57. Nb3 Kd6 58. Nd2 Bc6 59. Be4 Bd7 60. Ba8 Bf5 61. Be4 Bd7 62. Kd3 Be3 63. Nb3 Ba4 64. Nd4 Bd7 65. Nb3 Ba4 66. Nd4 Bd7 67. Nc2 Bc5 68. Kc3 Ba4 69. Ne1 Be8 70. Nd3 Bd7 71. Nb4 Be6 72. Nc2 Bd7 73. Nd4 Ke5 74. Nb3 Kd6 75. Kd3 Be3 76. Kc3 Bc5 77. Na5 Bc8 78. Kd3 Bb4 79. Nc6 Bc5 80. Na5 Bb4 81. Nb3 Ke5 82. Nd4 Bc5 83. Ne2 Bb4 84. Nd4 Bc5 85. Nb3 Bb4 86. Nd4 1/2-1/2

[Event "Azerbaijan-ch 1st League 2025"]
[Site "Baku"]
[Date "2025.01.13"]
[Round "8.4"]
[White "Isbatov, Kanan"]
[Black "Rustamov, Rustam"]
[Result "0-1"]
[Annotator "RC"]
[ECO "A04"]
[WhiteElo "1882"]
[BlackElo "2305"]
[PlyCount "116"]
[EventDate "2025.01.05"]
[EventType "swiss"]
[EventCountry "AZE"]
[SourceTitle "playchess.com"]
[Source "ChessBase"]
[SourceQuality "1"]
[TimeControl "40/5400+30:1800+30"]

1. Nf3 c5 2. g3 Nc6 3. d4 cxd4 4. Nxd4 e5 5. Nxc6 bxc6 6. Bg2 Nf6 7. c4 Bb4+ 8. Nc3 Ba6 9. Qb3 Rb8 10. O-O O-O 11. a3 Bc5 12. Qa4 Qc8 13. Rb1 h6 14. e3 d5 15. b4 Bd6 16. b5 cxb5 17. cxb5 Qxc3 18. Qxa6 Qc2 19. Rb2 Qc5 20. a4 Qb6 21. Qxb6 axb6 22. Bxd5 Nxd5 23. Rd2 Nxe3 24. fxe3 Bc5 25. Rd5 Ra8 26. Rxe5 Rxa4 27. Bd2 Rc4 28. Rf2 Rd8 29. Kg2 f6 30. Re6 Rd3 31. Kf3 Rb3 32. Re4 Rc2 33. Be1 Rc1 34. Bd2 Ra1 35. h4 Rxb5 36. Bc3 Rd1 37. Bd4 Bxd4 38. exd4 Rb4 39. Re8+ Kh7 40. Rc2 Rd3+ 41. Re3 Rdxd4 42. Rc7 h5 43. Rb7 Rg4 44. Rd3 Rb2 45. Rb8 Kg6 46. Rb7 Rb1 47. Rdd7 Rb3+ 48. Kf2 Kh6 49. Rd8 Rc4 50. Rd2 Rcc3 51. Rb8 Rf3+ 52. Ke1 Rxg3 53. Rh8+ Kg6 54. Rhd8 Rg4 55. R8d4 Rb4 56. Rxb4 Rxb4 57. Rg2+ Kh6 58. Rh2 Rb1+ 0-1

[Event "Azerbaijan-ch 1st League 2025"]
[Site "Baku"]
[Date "2025.01.13"]
[Round "8.5"]
[White "Ughuzov, Ravan"]
[Black "Hamidov, Allahverdi"]
[Result "1-0"]
[Annotator "RC"]
[ECO "C04"]
[WhiteElo "2250"]
[BlackElo "2200"]
[PlyCount "81"]
[EventDate "2025.01.05"]
[EventType "swiss"]
[EventCountry "AZE"]
[SourceTitle "playchess.com"]
[Source "ChessBase"]
[SourceQuality "1"]
[TimeControl "40/5400+30:1800+30"]

1. e4 e6 2. d4 d5 3. Nd2 Nc6 4. Ngf3 Nf6 5. e5 Nd7 6. Nb3 a5 7. a4 Be7 8. c3 f6 9. exf6 Bxf6 10. Ng5 Qe7 11. f4 Bxg5 12. Qh5+ g6 13. Qxg5 Qxg5 14. fxg5 O-O 15. Be3 b6 16. O-O-O Ba6 17. Bxa6 Rxa6 18. g3 Raa8 19. Bf4 Rac8 20. h4 Nd8 21. h5 Nf7 22. Rh2 c5 23. dxc5 bxc5 24. hxg6 hxg6 25. Nxa5 e5 26. Rxd5 Nb6 27. Rxe5 Nxe5 28. Bxe5 Nxa4 29. Nc4 Kf7 30. b3 Ke6 31. bxa4 Ra8 32. Bf6 Rxa4 33. Re2+ Kf5 34. Re5+ Kg4 35. Rxc5 Ra2 36. Rd5 Re8 37. Ne5+ Kxg3 38. Rd2 Ra1+ 39. Kc2 Re6 40. Rd4 Rb6 41. Kd3 1-0

[Event "Azerbaijan-ch 1st League 2025"]
[Site "Baku"]
[Date "2025.01.13"]
[Round "8.6"]
[White "Salimov, Shovkat"]
[Black "Garayev, Kanan"]
[Result "0-1"]
[Annotator "RC"]
[ECO "B38"]
[WhiteElo "1977"]
[BlackElo "2340"]
[PlyCount "166"]
[EventDate "2025.01.05"]
[EventType "swiss"]
[EventCountry "AZE"]
[SourceTitle "playchess.com"]
[Source "ChessBase"]
[SourceQuality "1"]
[TimeControl "40/5400+30:1800+30"]

1. e4 c5 2. Nf3 g6 3. d4 cxd4 4. Nxd4 Bg7 5. c4 Nc6 6. Be3 Nf6 7. Nc3 d6 8. Be2 O-O 9. O-O Bd7 10. f3 Qb6 11. Na4 Qa5 12. Nc3 Nxd4 13. Bxd4 Be6 14. Rc1 Rfc8 15. b3 a6 16. Qd2 b5 17. cxb5 axb5 18. Rfd1 b4 19. Na4 Nd7 20. Bxg7 Kxg7 21. Rc2 Rxc2 22. Qxc2 Kg8 23. Rc1 Nb6 24. Nxb6 Qxb6+ 25. Kf1 Qa7 26. Qd2 Qxa2 27. Qxb4 Qxb3 28. Qxb3 Bxb3 29. Rb1 Ra3 30. Rb2 Kg7 31. Kf2 Kf6 32. Rd2 Be6 33. Bb5 g5 34. Be2 Ke5 35. Rb2 f5 36. Rb5+ Kf6 37. Rb4 Ra2 38. Ke3 f4+ 39. Kf2 Ke5 40. Kf1 d5 41. exd5 Bxd5 42. h3 h5 43. Rb1 e6 44. Re1 Kf6 45. Bd3 g4 46. hxg4 hxg4 47. Be2 e5 48. fxg4 e4 49. Rd1 Be6 50. Rc1 Ke5 51. g5 Ra8 52. g6 Rg8 53. Rc5+ Kd4 54. Rc6 Rxg6 55. Ra6 Ke5 56. Ra5+ Bd5 57. Bc4 Rd6 58. Bxd5 Rxd5 59. Ra4 Rb5 60. Rc4 Kf5 61. Rc2 Kg4 62. Rc8 Rg5 63. Rf8 Ra5 64. Rf7 Ra1+ 65. Ke2 Ra2+ 66. Kf1 Kg5 67. Rf8 Ra6 68. Kf2 Rf6 69. Re8 Kf5 70. Re7 Ra6 71. Re8 Re6 72. Rf8+ Ke5 73. Rf7 Rd6 74. Rf8 Rd2+ 75. Kg1 Kd4 76. Rxf4 Kd3 77. Rf8 Rd1+ 78. Kf2 e3+ 79. Kg3 e2 80. Rd8+ Kc4 81. Re8 e1=Q+ 82. Rxe1 Rxe1 83. Kf4 Kd5 0-1

[Event "Azerbaijan-ch 1st League 2025"]
[Site "Baku"]
[Date "2025.01.13"]
[Round "8.7"]
[White "Gurbanov, Ismayil"]
[Black "Allajov, Ramil"]
[Result "1/2-1/2"]
[Annotator "RC"]
[ECO "B29"]
[WhiteElo "2248"]
[BlackElo "2079"]
[PlyCount "91"]
[EventDate "2025.01.05"]
[EventType "swiss"]
[EventCountry "AZE"]
[SourceTitle "playchess.com"]
[Source "ChessBase"]
[SourceQuality "1"]
[TimeControl "40/5400+30:1800+30"]

1. e4 c5 2. Nf3 Nf6 3. e5 Nd5 4. Nc3 Nc7 5. d4 cxd4 6. Nxd4 Nc6 7. Nxc6 dxc6 8. Qxd8+ Kxd8 9. Be3 g6 10. O-O-O+ Ke8 11. Bc4 Bg7 12. f4 Be6 13. Bxe6 Nxe6 14. Rd2 b6 15. Rhd1 Rd8 16. a4 Rxd2 17. Rxd2 f6 18. exf6 Bxf6 19. Ne4 Bg7 20. g3 Rf8 21. a5 Rf5 22. axb6 axb6 23. c3 b5 24. Kc2 Rd5 25. Re2 Kd7 26. Re1 c5 27. Ra1 c4 28. Ra7+ Ke8 29. Rb7 h6 30. h4 Kf8 31. Nc5 Rxc5 32. Bxc5 Nxc5 33. Rxb5 Ne4 34. Rb4 Nd6 35. b3 cxb3+ 36. Kd3 h5 37. Rxb3 e5 38. Rb8+ Kf7 39. c4 e4+ 40. Ke3 Nxc4+ 41. Kxe4 Nd6+ 42. Kf3 Bf6 43. g4 hxg4+ 44. Kxg4 Nf5 45. Rb7+ Be7 46. Rxe7+ 1/2-1/2

[Event "Azerbaijan-ch 1st League 2025"]
[Site "Baku"]
[Date "2025.01.13"]
[Round "8.8"]
[White "Davudov, Tunar"]
[Black "Alizada, Pasham"]
[Result "0-1"]
[Annotator "RC"]
[ECO "C03"]
[WhiteElo "2225"]
[BlackElo "2117"]
[PlyCount "100"]
[EventDate "2025.01.05"]
[EventType "swiss"]
[EventCountry "AZE"]
[SourceTitle "playchess.com"]
[Source "ChessBase"]
[SourceQuality "1"]
[TimeControl "40/5400+30:1800+30"]

1. e4 e6 2. d4 d5 3. Nd2 Be7 4. Ngf3 Nf6 5. Bd3 c5 6. dxc5 dxe4 7. Nxe4 Nxe4 8. Bxe4 Qxd1+ 9. Kxd1 Bxc5 10. Ke2 Nd7 11. Bd2 Ke7 12. b4 Bd6 13. c4 f5 14. Bc2 b6 15. Rhd1 Ba6 16. Bd3 Rac8 17. Rac1 Rhf8 18. Bg5+ Nf6 19. c5 Bxd3+ 20. Rxd3 bxc5 21. b5 h6 22. Bxf6+ gxf6 23. Nd2 Bf4 24. Rc4 Bxd2 25. Kxd2 Rg8 26. g3 Rc7 27. Ra4 Rb8 28. Ra5 c4 29. Rda3 Rbb7 30. Kc3 Kd6 31. R3a4 Rc5 32. Rb4 h5 33. Rb2 Kd5 34. a4 Ke4 35. Ra6 e5 36. Rxf6 Rd7 37. Rd2 Rd3+ 38. Kb4 Rxd2 39. Kxc5 c3 40. Kb4 Kd3 41. Rd6+ Ke2 42. Rc6 c2 43. a5 Kd1 44. a6 Rd4+ 45. Ka5 c1=Q 46. Rxc1+ Kxc1 47. h3 Kd2 48. b6 Rd5+ 49. Kb4 axb6 50. a7 Ra5 0-1

[Event "Azerbaijan-ch 1st League 2025"]
[Site "Baku"]
[Date "2025.01.13"]
[Round "8.9"]
[White "Baghirov, Mahammad"]
[Black "Rzayev, Chingiz"]
[Result "1-0"]
[Annotator "RC"]
[ECO "B01"]
[WhiteElo "1932"]
[BlackElo "2153"]
[PlyCount "129"]
[EventDate "2025.01.05"]
[EventType "swiss"]
[EventCountry "AZE"]
[SourceTitle "playchess.com"]
[Source "ChessBase"]
[SourceQuality "1"]
[TimeControl "40/5400+30:1800+30"]

1. e4 d5 2. exd5 Nf6 3. Nf3 Nxd5 4. d4 e6 5. c4 Nf6 6. Nc3 Be7 7. Be2 O-O 8. O-O Nbd7 9. b3 a5 10. Bb2 Nb6 11. Qc2 c6 12. Rad1 Qc7 13. Bd3 Nbd7 14. Rfe1 Bd6 15. Ne4 Be7 16. Ne5 Nxe4 17. Bxe4 f5 18. Bf3 Nxe5 19. dxe5 Bd7 20. Re3 Rfd8 21. Red3 Be8 22. c5 Rxd3 23. Rxd3 Rd8 24. Rd6 Bxd6 25. exd6 Qf7 26. Be2 Bd7 27. f4 Ra8 28. h3 h6 29. Bc4 g5 30. fxg5 hxg5 31. Qc3 Kh7 32. Qe5 Rf8 33. Be2 Kg6 34. h4 gxh4 35. Qf4 Qh7 36. Bc1 Qg7 37. Qg5+ Kh7 38. Qxh4+ Kg8 39. Bh6 Qa1+ 40. Kf2 Rf7 41. Qd8+ Kh7 42. Qh4 Kg8 43. Qg5+ Kh7 44. Qh5 Kg8 45. Qg6+ Rg7 46. Bxg7 Qxg7 47. Qxg7+ Kxg7 48. g4 Kf6 49. Ke3 fxg4 50. Bxg4 Ke5 51. Bf3 b6 52. cxb6 Kxd6 53. Kd4 Bc8 54. b4 Bb7 55. bxa5 c5+ 56. Ke3 Ba6 57. Be2 Bxe2 58. Kxe2 Kc6 59. Kd3 e5 60. Kc4 e4 61. a4 Kb7 62. Kb5 e3 63. a6+ Kb8 64. Kc6 e2 65. a7+ 1-0

[Event "Azerbaijan-ch 1st League 2025"]
[Site "Baku"]
[Date "2025.01.13"]
[Round "8.10"]
[White "Ahmadov, Fariz"]
[Black "Ibrahimli, Suat"]
[Result "0-1"]
[Annotator "RC"]
[ECO "C20"]
[WhiteElo "2224"]
[BlackElo "1949"]
[PlyCount "114"]
[EventDate "2025.01.05"]
[EventType "swiss"]
[EventCountry "AZE"]
[SourceTitle "playchess.com"]
[Source "ChessBase"]
[SourceQuality "1"]
[TimeControl "40/5400+30:1800+30"]

1. e4 e5 2. Ne2 Nf6 3. Nbc3 Bc5 4. Ng3 h5 5. h3 c6 6. Qf3 b5 7. d3 h4 8. Nf5 g6 9. Nh6 Be7 10. d4 d6 11. Bd2 b4 12. Ne2 Be6 13. Rd1 Nbd7 14. b3 a5 15. Ng4 Nxg4 16. hxg4 exd4 17. Nxd4 Ne5 18. Qe3 Bxg4 19. f3 Bd7 20. Bc1 Qb6 21. Bb2 O-O-O 22. Nf5 Qxe3+ 23. Nxe3 Bf6 24. Bd4 Kc7 25. Be2 Be6 26. Kf2 c5 27. Ba1 Nd7 28. Bc4 Bxa1 29. Rxa1 Nb6 30. Bxe6 fxe6 31. a3 Ra8 32. axb4 axb4 33. Rxa8 Nxa8 34. Ra1 Kb7 35. Nc4 Rd8 36. f4 Nb6 37. Nb2 Rf8 38. Ke3 g5 39. Nd3 gxf4+ 40. Nxf4 Rg8 41. Rh1 e5 42. Ne2 Rxg2 43. Rxh4 Kc6 44. Rh6 Rg8 45. Nc1 Rg3+ 46. Ke2 Rg2+ 47. Kd3 Rg1 48. Ne2 Rd1+ 49. Ke3 c4 50. Ng3 cxb3 51. cxb3 Rb1 52. Nf5 Rxb3+ 53. Ke2 Nc4 54. Rh8 Rc3 55. Rc8+ Kd7 56. Rb8 b3 57. Rb7+ Kc6 0-1

[Event "Azerbaijan-ch 1st League 2025"]
[Site "Baku"]
[Date "2025.01.13"]
[Round "8.12"]
[White "Gulumov, Muthat"]
[Black "Hajialiyev, Islam"]
[Result "1/2-1/2"]
[Annotator "RC"]
[ECO "C01"]
[WhiteElo "2054"]
[BlackElo "2217"]
[PlyCount "118"]
[EventDate "2025.01.05"]
[EventType "swiss"]
[EventCountry "AZE"]
[SourceTitle "playchess.com"]
[Source "ChessBase"]
[SourceQuality "1"]
[TimeControl "40/5400+30:1800+30"]

1. e4 e6 2. d4 d5 3. Nc3 Bb4 4. exd5 exd5 5. a3 Bxc3+ 6. bxc3 Ne7 7. Nf3 O-O 8. Be2 Bf5 9. O-O Nd7 10. c4 Re8 11. Rb1 dxc4 12. Bxc4 Nb6 13. Bb3 Be6 14. Bxe6 fxe6 15. Re1 Ng6 16. Qd3 Rc8 17. Rb5 Qf6 18. Bg5 Qf7 19. Bd2 Rcd8 20. Rh5 Nf8 21. Rhe5 Nbd7 22. R5e2 Qh5 23. Qb3 c5 24. Qxb7 cxd4 25. Ne5 Nxe5 26. Rxe5 Qg6 27. Rg5 Qf7 28. Qa6 Ng6 29. Rc5 e5 30. f3 Rb8 31. Qd3 Rec8 32. Rxc8+ Rxc8 33. h4 h5 34. g3 Re8 35. Rb1 e4 36. fxe4 Ne5 37. Qe2 Qf3 38. Qg2 Qxa3 39. Bf4 Ng4 40. e5 Qa2 41. Re1 Qe6 42. Qe4 Rd8 43. Rd1 Qb6 44. Qd3 Qe6 45. Qe4 Qb6 46. Qd3 a5 47. Re1 Qe6 48. Qb5 Rc8 49. Qxa5 Rxc2 50. Qd8+ Kh7 51. Qxd4 Rc8 52. Qe4+ Kh8 53. Kg2 Rc4 54. Qa8+ Kh7 55. Re2 Rc6 56. Qa2 Rc4 57. Re4 Rc6 58. Qxe6 Rxe6 59. Kf3 Kg6 1/2-1/2

[Event "Azerbaijan-ch 1st League 2025"]
[Site "Baku"]
[Date "2025.01.13"]
[Round "8.13"]
[White "Idrisov, Tabriz"]
[Black "Huseynov, Ahmed"]
[Result "1-0"]
[Annotator "RC"]
[ECO "E12"]
[WhiteElo "2073"]
[BlackElo "1996"]
[PlyCount "97"]
[EventDate "2025.01.05"]
[EventType "swiss"]
[EventCountry "AZE"]
[SourceTitle "playchess.com"]
[Source "ChessBase"]
[SourceQuality "1"]
[TimeControl "40/5400+30:1800+30"]

1. Nf3 Nf6 2. d4 b6 3. c4 e6 4. a3 Bb7 5. Bg5 Be7 6. Nc3 O-O 7. e3 d6 8. Be2 Nbd7 9. O-O h6 10. Bh4 Ne4 11. Bxe7 Qxe7 12. Nxe4 Bxe4 13. Nd2 Bb7 14. b4 e5 15. d5 c6 16. e4 cxd5 17. cxd5 f5 18. Rc1 Rac8 19. Qb3 Nf6 20. Bf3 Qd7 21. h3 g5 22. exf5 Qxf5 23. Nc4 Rfd8 24. Ne3 Qf4 25. Bg4 Nxg4 26. hxg4 Rf8 27. Rxc8 Bxc8 28. Qd3 Kg7 29. Qe2 Rf7 30. g3 Qf6 31. Rc1 Bd7 32. Rc7 a5 33. b5 Qd8 34. Rc1 a4 35. Rc2 Qe8 36. Rb2 Qc8 37. Rc2 Qe8 38. Qc4 Bxb5 39. Qb4 Bd3 40. Rc3 Qb5 41. Qxb5 Bxb5 42. Nf5+ Rxf5 43. gxf5 Kf6 44. g4 Be2 45. f3 e4 46. fxe4 Bxg4 47. Kf2 Ke5 48. Ke3 Bh5 49. Rc7 1-0

[Event "Azerbaijan-ch 1st League 2025"]
[Site "Baku"]
[Date "2025.01.13"]
[Round "8.14"]
[White "Musayev, Eldar"]
[Black "Azimov, Yasin"]
[Result "0-1"]
[Annotator "RC"]
[ECO "A06"]
[WhiteElo "2163"]
[BlackElo "1880"]
[PlyCount "76"]
[EventDate "2025.01.05"]
[EventType "swiss"]
[EventCountry "AZE"]
[SourceTitle "playchess.com"]
[Source "ChessBase"]
[SourceQuality "1"]
[TimeControl "40/5400+30:1800+30"]

1. Nf3 Nf6 2. g3 e6 3. Bg2 d5 4. O-O c5 5. b3 Be7 6. Bb2 O-O 7. d4 cxd4 8. Nxd4 e5 9. Nb5 Nc6 10. Nd2 a6 11. Na3 Qa5 12. Nab1 Rd8 13. Nf3 d4 14. Qe1 Qxe1 15. Rxe1 e4 16. Nfd2 Bf5 17. g4 Bg6 18. g5 e3 19. gxf6 exd2 20. Nxd2 Bb4 21. Red1 Bxc2 22. Rdc1 Bg6 23. Nc4 gxf6 24. Nb6 Rab8 25. Nd5 Kg7 26. Nxb4 Nxb4 27. Rc4 d3 28. Rxb4 dxe2 29. Bf3 Rd2 30. Bc3 Rd3 31. Bxe2 Rxc3 32. Bxa6 Rc5 33. h4 b6 34. a4 Rd8 35. Rxb6 Rd4 36. Bb7 Rg4+ 37. Kf1 Bd3+ 38. Ke1 Rc2 0-1

[Event "Azerbaijan-ch 1st League 2025"]
[Site "Baku"]
[Date "2025.01.13"]
[Round "8.15"]
[White "Halafov, Ilgar"]
[Black "Garakhanov, Shamsi"]
[Result "1-0"]
[Annotator "NA"]
[ECO "A48"]
[WhiteElo "1990"]
[BlackElo "2022"]
[PlyCount "203"]
[EventDate "2025.01.05"]
[EventType "swiss"]
[EventCountry "AZE"]
[SourceTitle "playchess.com"]
[Source "ChessBase"]
[SourceQuality "1"]
[TimeControl "40/5400+30:1800+30"]

1. d4 Nf6 2. Nf3 g6 3. Bf4 Bg7 4. e3 O-O 5. h3 c5 6. c3 b6 7. a4 Bb7 8. Be2 d6 9. O-O Nbd7 10. a5 bxa5 11. Qa4 Nd5 12. Bg3 cxd4 13. exd4 h6 14. Qxa5 Qxa5 15. Rxa5 Kh8 16. Rd1 N5f6 17. Nbd2 Rfc8 18. Rda1 Rab8 19. R1a2 Nd5 20. Rxa7 N7f6 21. Ne1 Nh7 22. Nd3 f5 23. f3 Re8 24. Bf2 e5 25. dxe5 dxe5 26. Nc5 Bc6 27. Nc4 Nf4 28. Bf1 Rbd8 29. Ra1 e4 30. fxe4 fxe4 31. Rc7 Rc8 32. Raa7 Rxc7 33. Rxc7 Bd5 34. Nd6 Rb8 35. Rc8+ Rxc8 36. Nxc8 Ba8 37. Nd6 Ng5 38. h4 Bf8 39. hxg5 Bxd6 40. Bd4+ Kh7 41. gxh6 Kxh6 42. b4 Kg5 43. b5 Kf5 44. b6 Bxc5 45. Bxc5 Nd3 46. Bd4 Kf4 47. Kh2 g5 48. Be2 g4 49. g3+ Kf5 50. Be3 Bb7 51. Kg1 Bc8 52. Bd1 Bb7 53. Ba4 Ne5 54. Bb3 Ng6 55. Kf2 Ne7 56. Bd4 Nd5 57. Ba4 Ke6 58. c4 Nb4 59. Ke3 Kf5 60. Bc5 Nc6 61. Bd4 Ba8 62. Bb5 Bb7 63. Bc3 Nb8 64. Kd4 Ke6 65. Bd2 Ba8 66. Bf4 Nc6+ 67. Kc5 Na5 68. Ba6 Kd7 69. Bb5+ Ke6 70. Kd4 Nc6+ 71. Ke3 Bb7 72. Bc7 Kf5 73. Ba4 Ba8 74. Bc2 Nb4 75. Bb1 Bb7 76. Bd6 Nd3 77. Bc2 Ke6 78. Bc7 Kf5 79. Ba4 Ke6 80. Kd4 Nb4 81. Bd1 Kf5 82. Kc5 Nd3+ 83. Kd4 Nb4 84. Ke3 Nc6 85. Ba4 Ba8 86. Bd6 Bb7 87. Bb5 Ke6 88. Bf4 Na5 89. Kd4 Nb3+ 90. Kc3 Na5 91. Kd4 Nb3+ 92. Ke3 Na5 93. Bc7 Nb3 94. Kf4 Nd4 95. Ba4 Ne2+ 96. Ke3 Nc3 97. Be8 Nd1+ 98. Kf4 e3 99. Bh5 Bf3 100. Bxg4+ Bxg4 101. b7 e2 102. b8=Q 1-0

[Event "Azerbaijan-ch 1st League 2025"]
[Site "Baku"]
[Date "2025.01.13"]
[Round "8.16"]
[White "Baghirov, Orkhan"]
[Black "Safarli, Ramzi"]
[Result "1/2-1/2"]
[Annotator "RC"]
[ECO "A62"]
[WhiteElo "1989"]
[BlackElo "1792"]
[PlyCount "109"]
[EventDate "2025.01.05"]
[EventType "swiss"]
[EventCountry "AZE"]
[SourceTitle "playchess.com"]
[Source "ChessBase"]
[SourceQuality "1"]
[TimeControl "40/5400+30:1800+30"]

1. d4 Nf6 2. c4 c5 3. d5 e6 4. Nc3 exd5 5. cxd5 d6 6. g3 g6 7. Bg2 Bg7 8. Nf3 O-O 9. O-O Re8 10. Bf4 Bf5 11. Nh4 Bg4 12. Re1 h6 13. h3 Bc8 14. Nf3 g5 15. Be3 Ne4 16. Nxe4 Rxe4 17. h4 gxh4 18. Nxh4 Rb4 19. Rb1 Qf6 20. b3 Rxh4 21. gxh4 Bf5 22. Rc1 Qxh4 23. Rc4 Qf6 24. Bf4 b5 25. Rc1 Qg6 26. e4 Bg4 27. Qd3 Nd7 28. Qg3 Ne5 29. Rxc5 dxc5 30. Bxe5 Rc8 31. Bxg7 Kxg7 32. f4 c4 33. Rc1 cxb3 34. Rxc8 Bxc8 35. Qxb3 Qb6+ 36. Kh2 Qf6 37. Qg3+ Kh7 38. e5 Qf5 39. d6 Be6 40. Bh3 Qc2+ 41. Qg2 Qc4 42. Kg3 Qd4 43. Qc2+ Kg7 44. Bxe6 fxe6 45. Qc7+ Kg6 46. Qc2+ Kg7 47. Kf3 h5 48. Qc7+ Kg6 49. d7 Qd3+ 50. Kf2 Qd2+ 51. Kf3 Qd3+ 52. Kf2 Qd2+ 53. Kf1 Qd1+ 54. Kf2 Qd2+ 55. Kf1 1/2-1/2

[Event "Azerbaijan-ch 1st League 2025"]
[Site "Baku"]
[Date "2025.01.13"]
[Round "8.17"]
[White "Imranli, Kenan"]
[Black "Alizada, Agshin"]
[Result "0-1"]
[Annotator "NA RC"]
[ECO "C01"]
[WhiteElo "1758"]
[BlackElo "2116"]
[PlyCount "70"]
[EventDate "2025.01.05"]
[EventType "swiss"]
[EventCountry "AZE"]
[SourceTitle "playchess.com"]
[Source "ChessBase"]
[SourceQuality "1"]
[TimeControl "40/5400+30:1800+30"]

1. e4 e6 2. d4 d5 3. exd5 exd5 4. Nf3 c5 5. Bb5+ Nc6 6. O-O Be7 {[%emt 0:00:08] C01: French: Exchange Variation.} 7. dxc5 Nf6 8. h3 O-O 9. Bxc6 bxc6 10. Be3 Rb8 11. Nbd2 a5 12. a4 Qc7 13. Nb3 Ne4 14. Bd4 Qa7 15. Ne5 Qc7 16. f3 Ng5 17. Qd2 (17. Re1 $16) 17... Ne6 18. Rad1 Nxd4 19. Qxd4 Rb4 (19... Bf5 $5 20. Qc3 Bxc2 21. Qxc2 Qxe5 $17) 20. Qe3 Bf6 (20... Ba6 $5 21. Nd3 Bxd3 (21... Rxa4 22. Ra1 $17) 22. Rxd3 Rc4 $11 (22... Rxa4 23. Re1 $17)) 21. Rfe1 Bh4 22. Re2 {[%emt 0:01:27] [#]} (22. Nd3 $1 $11 {remains equal.} Rxa4 (22... Bxe1 23. Nxb4 Bxb4 24. c3 $14) 23. Ra1) 22... Re8 $1 ({Stronger than} 22... Rxa4 23. Rd4 Rxd4 24. Qxd4 $15 (24. Nxd4 Ba6 $15)) 23. f4 Ba6 ({Not} 23... Rxa4 24. Qf3 $15) 24. Red2 f6 25. g3 fxe5 26. gxh4 Rxf4 27. Qg3 $2 (27. Rf2 Rxh4 28. Nd4) 27... Ref8 28. Rg2 Rf3 (28... Rxa4 $2 29. Nd4 Rf6 (29... Rxd4 30. Rxd4 Bf1 31. Rh2 $11) 30. h5 $19) 29. Qg5 e4 30. Nd2 R3f4 (30... Rxh3 $142 31. c4 e3 (31... dxc4 32. Nxe4 c3 33. bxc3 $17) (31... Bxc4 $2 32. Nxc4 dxc4 33. Qg4 $19)) 31. Qg3 Qe7 32. Kh1 $2 (32. Re1) 32... Rxh4 ({Worse is} 32... Qxh4 33. Qxg7#) 33. Rdg1 g6 34. Nb3 Bc8 $19 35. Rh2 e3 0-1

[Event "Azerbaijan-ch 1st League 2025"]
[Site "Baku"]
[Date "2025.01.14"]
[Round "9.1"]
[White "Suleymanli, Suleyman"]
[Black "Ibrahimli, Murad"]
[Result "1/2-1/2"]
[Annotator "TA"]
[ECO "E05"]
[WhiteElo "2280"]
[BlackElo "2415"]
[PlyCount "61"]
[EventDate "2025.01.05"]
[EventType "swiss"]
[EventCountry "AZE"]
[SourceTitle "playchess.com"]
[Source "ChessBase"]
[SourceQuality "1"]
[TimeControl "40/5400+30:1800+30"]

1. Nf3 d5 2. g3 Nf6 3. Bg2 e6 4. O-O Be7 5. d4 O-O 6. c4 dxc4 7. Qc2 a6 8. a4 Bd7 9. Rd1 Bc6 10. Bg5 b5 11. Bxf6 Bxf6 12. Nc3 Qe8 13. d5 exd5 14. Nd4 $1 Qe5 15. e4 dxe4 16. Nxe4 {[%emt 0:00:13] A dynamic duo of knights.} Ra7 (16... bxa4 $2 {is the wrong capture.} 17. Nxc6 Nxc6 18. Qxc4 $18 (18. Qxa4 Nd4 $14)) 17. Nxf6+ Qxf6 18. axb5 Bxg2 19. Kxg2 Rb7 20. bxa6 Nxa6 21. Ra3 c5 22. Qxc4 Rb4 23. Qxa6 Qxa6 24. Rxa6 cxd4 $11 {[%emt 0:00:09][%mdl 4096] Endgame KRR-KRR} 25. Rd6 Rxb2 26. R1xd4 Rb5 27. h4 h5 28. R6d5 Rxd5 29. Rxd5 g6 30. Kf3 Kg7 31. Kf4 1/2-1/2

[Event "Azerbaijan-ch 1st League 2025"]
[Site "Baku"]
[Date "2025.01.14"]
[Round "9.2"]
[White "Rustamov, Rustam"]
[Black "Atakishiyev, Elmar"]
[Result "1/2-1/2"]
[Annotator "TA"]
[ECO "B92"]
[WhiteElo "2305"]
[BlackElo "2408"]
[PlyCount "75"]
[EventDate "2025.01.05"]
[EventType "swiss"]
[EventCountry "AZE"]
[SourceTitle "playchess.com"]
[Source "ChessBase"]
[SourceQuality "1"]
[TimeControl "40/5400+30:1800+30"]

1. e4 c5 2. Nf3 d6 3. d4 cxd4 4. Nxd4 Nf6 5. Nc3 a6 6. Be2 e5 7. Nf3 h6 8. h3 Be7 9. O-O O-O 10. Nh2 b5 11. Ng4 Nbd7 12. Nd5 Nxd5 13. Qxd5 Nb6 14. Qd1 Be6 15. b3 Qc7 16. Be3 Rfd8 17. Bxb6 Qxb6 18. Ne3 {[%emt 0:00:18] Dodges d5} Rac8 19. c4 Bg5 20. Nd5 Bxd5 21. Qxd5 Rc5 22. Qd1 b4 23. Qc2 a5 24. g3 Ra8 25. a4 bxa3 26. Rxa3 Rb8 27. Rd1 Bd8 28. Rd3 {[%emt 0:00:57] Black is weak on the light squares} Bc7 29. Kg2 Qb7 30. Bf3 Rc6 31. Rd5 Qb4 32. Qa2 Rc5 33. Rd3 Qb7 34. Qe2 Qc6 35. Qd2 Qb7 36. Qe2 Qc6 37. Qd2 Qb6 38. h4 1/2-1/2